 Dungeon Crawl Stone Soup version 0.20.1-1-g8b1a95d (webtiles) character file.

3612 Gargoyl the Protected (level 9, -2/69 HPs)
             Began as a Minotaur Abyssal Knight on Aug 25, 2017.
             Was a Priest of Lugonu.
             Slain by an unseen horror (5 damage)
             ... on level 10 of the Dungeon.
             The game lasted 00:13:47 (9147 turns).

Gargoyl the Protected (Minotaur Abyssal Knight)     Turns: 9147, Time: 00:13:48

Health: -2/69      AC: 18    Str: 25    XL:     9   Next: 86%
Magic:  12/12      EV: 10    Int:  9    God:    Lugonu [***...]
Gold:   335        SH:  6    Dex: 12    Spells: 8/8 levels left

rFire    . . .     SeeInvis .   a - +1 hand axe
rCold    + . .     Gourm    +   d - +2 buckler
rNeg     . . .     Faith    .   l - +0 chain mail
rPois    .         Spirit   .   B - +1 hat
rElec    .         Reflect  .   E - +0 cloak
rCorr    .         Harm     .   (no gloves)
MR       .....                  (no boots)
Stlth    ..........             m - amulet of the gourmand
Regen    0.7/turn               h - ring of protection from cold
MPRegen  0.2/turn               v - +2 ring of strength

@: mighty
A: retaliatory headbutt, horns 2, slimy green scales 1, thin metallic scales 1,
frail 1, regeneration 1
a: Depart the Abyss, Bend Space, Banish, Renounce Religion


You were on level 10 of the Dungeon.
You worshipped Lugonu.
Lugonu was most pleased with you.
You were not hungry.

You visited 1 branch of the dungeon, and saw 9 of its levels.
You visited the Abyss 1 time.

You collected 335 gold pieces.

Inventory:

Hand Weapons
 a - a +1 hand axe (weapon)
Armour
 d - a +2 buckler (worn)
 l - a +0 chain mail (worn)
 B - a +1 hat (worn)
 E - a +0 cloak (worn)
Jewellery
 h - a ring of protection from cold (left hand)
 m - an amulet of the gourmand (around neck)
 v - a +2 ring of strength (right hand)
Wands
 g - a wand of disintegration (24/24)
 j - a wand of lightning (7/15)
 k - a wand of digging (20/24)
 t - a wand of polymorph (16/24)
 x - a wand of paralysis (10/24)
 A - a wand of paralysis (9/24)
Scrolls
 o - a scroll of identify
 p - 3 scrolls of remove curse
 y - a scroll of magic mapping
 z - 4 scrolls of teleportation
 D - a scroll of recharging
Potions
 n - a potion of might
 q - 4 potions of haste
 r - a potion of brilliance
 s - 3 potions of flight
 u - a potion of mutation
 C - a potion of magic
Books
 e - a book of Cantrips

   Spells                             Type                      Level
   a - Confusing Touch                Hexes                        1
   b - Animate Skeleton               Necromancy                   1
   c - Summon Small Mammal            Summoning                    1
   d - Apportation                    Translocation                1
 f - a book of Beasts

   Spells                             Type                      Level
   a - Summon Butterflies             Summoning                    1
   b - Call Canine Familiar           Summoning                    3
   c - Summon Ice Beast               Ice/Summoning                4
   d - Summon Mana Viper              Hexes/Summoning              5
   e - Summon Hydra                   Summoning                    7
Comestibles
 b - 8 royal jellies
 c - 6 bread rations
 i - 7 fruits
 w - 3 meat rations


   Skills:
 + Level 6.3 Fighting
 + Level 8.5 Axes
 * Level 10.9 Armour
 + Level 3.2 Dodging
 + Level 3.5 Shields
 * Level 6.1 Invocations


You had 8 spell levels left.
You didn't know any spells.

Dungeon Overview and Level Annotations

Branches:
Dungeon (8/15)             Temple (0/1) D:7
   Lair: D:8-11

Altars:
Sif Muna
Trog
Uskayaw
The Shining One


Innate Abilities, Weirdness & Mutations

You reflexively headbutt those who attack you in melee.
You have a pair of horns on your head.
You are partially covered in slimy green scales. (AC +2)
You are partially covered in thin metallic scales. (AC +2)
You are frail. (-10% HP)
Your natural rate of healing is unusually fast.


Message History

Something hits you.
* * * LOW HITPOINT WARNING * * *
You slash the bullfrog zombie!
The bullfrog zombie is moderately damaged.
Something hits you but does no damage.
The bullfrog zombie hits you but does no damage.
Something hits you but does no damage.
Unknown command.
You slash the bullfrog zombie! You headbutt the bullfrog zombie!
The bullfrog zombie is almost destroyed.
You hit something.
The bullfrog zombie completely misses you.
You furiously retaliate!
You headbutt the bullfrog zombie.
You destroy the bullfrog zombie!
Lugonu accepts your kill. Something hits you but does no damage.
Something hits you.
* * * LOW HITPOINT WARNING * * *
Something hits you.
You die...

### ..# ###
#######.# ...
#.....#.##.####
..#.........<..
H..............
#[# #)# #@# #.#
#.# #.# ..# ###


There were no monsters in sight!

Vanquished Creatures
  2 hippogriffs
  4 hogs (D:7)
  A human (D:7)
  Edmund (D:4)
  Menkaure (D:4)
  3 ice beasts
  A centaur (D:5)
  Blork the orc (D:4)
  2 bullfrogs (D:6)
  A big kobold (D:8)
  A scorpion (D:8)
  6 killer bees (D:8)
  The ghost of letownia the Insei, a weakling OpTm (D:3)
  An electric eel (D:8)
  2 crimson imps
  A bullfrog zombie (D:10)
  5 hounds
  Crazy Yiuf (D:6)
  An orc priest (D:6)
  Natasha (thrice) (D:2)
  Terence (D:2)
  An iguana (D:7)
  8 worker ants
  A hound zombie (D:5)
  2 worker ant zombies (D:5)
  6 adders
  10 gnolls
  A shadow imp (D:3)
  An ooze (D:3)
  2 adder skeletons (D:4)
  2 dart slugs
  5 worms
  5 leopard geckos
  13 orcs
  6 giant cockroaches
  7 goblins
  7 hobgoblins
  7 jackals
  A quokka (D:5)
  4 ball pythons
  6 bats
  3 frilled lizards
  A jackal skeleton (D:5)
  16 kobolds
  6 rats
161 creatures vanquished.

Vanquished Creatures (others)
  The ghost of raetorn the Severer, a novice HOBe of Trog (D:8)
  A kobold (D:8)
2 creatures vanquished.

Grand Total: 163 creatures vanquished

Notes
Turn   | Place    | Note
-------+----------+-------------------------------------------
     0 | Abyss:1  | Gargoyl the Minotaur Abyssal Knight began the quest for the Orb.
     0 | Abyss:1  | Reached XP level 1. HP: 19/19 MP: 1/1
    55 | Abyss:2  | Found a corrupted altar of Lugonu.
   150 | Abyss:2  | Noticed a neqoxec
   151 | D:1      | Escaped the Abyss
   290 | D:1      | Reached XP level 2. HP: 23/27 MP: 2/2
   296 | D:1      | Reached * piety under Lugonu
   750 | D:2      | Reached skill level 3 in Armour
   750 | D:2      | Reached XP level 3. HP: 26/33 MP: 3/3
   845 | D:2      | Found a deep blue altar of Sif Muna.
   912 | D:2      | Noticed Terence
   941 | D:2      | Killed Terence
   941 | D:2      | Reached XP level 4. HP: 24/41 MP: 4/4
  1188 | D:2      | Noticed Natasha
  1191 | D:2      | Killed Natasha
  1211 | D:2      | Noticed Natasha
  1215 | D:2      | Killed Natasha
  1239 | D:2      | Reached ** piety under Lugonu
  1239 | D:2      | Reached XP level 5. HP: 35/47 MP: 6/6
  1754 | D:2      | Noticed Natasha
  1760 | D:2      | Killed Natasha
  1760 | D:2      | Reached skill level 4 in Armour
  2207 | D:3      | Found a glowing golden altar of the Shining One.
  2614 | D:3      | Reached skill level 1 in Shields
  2705 | D:3      | Reached XP level 6. HP: 31/55 MP: 7/7
  2993 | D:3      | Reached skill level 5 in Fighting
  3005 | D:3      | Reached skill level 5 in Armour
  3344 | D:3      | Noticed letownia's ghost (weakling OpTm)
  3358 | D:3      | Killed letownia's ghost
  3612 | D:4      | Noticed Edmund
  3627 | D:4      | Killed Edmund
  3627 | D:4      | Reached XP level 7. HP: 50/61 MP: 8/8
  3898 | D:4      | Reached skill level 5 in Axes
  4038 | D:4      | Noticed Blork the orc
  4071 | D:4      | Killed Blork the orc
  4251 | D:4      | Noticed Menkaure
  4259 | D:4      | Killed Menkaure
  4259 | D:4      | Reached skill level 6 in Armour
  4632 | D:5      | Entered Level 5 of the Dungeon
  5296 | D:5      | Found a bloodstained altar of Trog.
  5329 | D:5      | Reached *** piety under Lugonu
  5375 | D:5      | Reached XP level 8. HP: 52/69 MP: 10/10
  5863 | D:6      | Reached skill level 7 in Armour
  6354 | D:6      | Found a runed door.
  6675 | D:6      | Noticed Crazy Yiuf
  6679 | D:6      | Paralysed by Crazy Yiuf for 4 turns
  6686 | D:6      | Killed Crazy Yiuf
  6692 | D:6      | Got an iridescent mace
  6693 | D:6      | Identified the cursed +0 mace "Nofiezyburgh" {crush, rPois Dex+3} (You found it on level 6 of the Dungeon)
  6874 | D:7      | Noticed a dagger
  6874 | D:7      | Noticed a hand axe
  6893 | D:7      | Found a staircase to the Ecumenical Temple.
  6904 | D:7      | Reached skill level 8 in Armour
  6928 | D:7      | Found a hide-covered altar of Uskayaw.
  6987 | D:7      | Reached skill level 5 in Invocations
  7166 | D:7      | Noticed a hippogriff
  7179 | D:7      | Killed a hippogriff
  7473 | D:7      | Reached XP level 9. HP: 57/75 MP: 11/11
  7476 | D:7      | Reached skill level 9 in Armour
  7939 | D:7      | Identified a scroll of acquirement
  8328 | D:8      | Noticed raetorn's ghost (novice HOBe)
  8480 | D:8      | Banished raetorn's ghost
  8480 | D:8      | Reached skill level 10 in Armour
  9116 | D:8      | You fall through a shaft for 2 floors!
  9116 | D:10     | Entered Level 10 of the Dungeon
  9143 | D:10     | Gained mutation: You are partially covered in thin metallic scales. (AC +2) [potion of mutation]
  9143 | D:10     | Gained mutation: Your natural rate of healing is unusually fast. [potion of mutation]
  9143 | D:10     | Gained mutation: You are frail. (-10% HP) [potion of mutation]
  9143 | D:10     | Gained mutation: You are partially covered in slimy green scales. (AC +2) [potion of mutation]
  9147 | D:10     | HP: 3/69 [something (3)]
  9147 | D:10     | Slain by an unseen horror

Skill      XL: |  1  2  3  4  5  6  7  8  9 |
---------------+----------------------------+-----
Invocations    | 2 3 4 5 6 |  6.1
Fighting       | 4 5 6 |  6.3
Axes           | 3 4 6 7 8 |  8.5
Armour         | 3 4 5 6 8 10 | 10.9
Shields        | 1 2 3 |  3.5
Dodging        | 2 3 |  3.2

Action                   |  1- 3 |  4- 6 |  7- 9 || total
-------------------------+-------+-------+-------++-------
Melee: Hand axe          |    78 |   176 |   379 ||   633
       Headbutt          |    12 |    28 |    80 ||   120
Invok: Depart the Abyss  |     1 |       |       ||     1
       Banish            |       |       |     1 ||     1
  Use: Scroll            |     5 |       |    14 ||    19
       Potion            |     1 |       |     6 ||     7
  Eat: Chunk             |     6 |    13 |    14 ||    33
Armor: Ring mail         |    21 |       |       ||    21
       Chain mail        |    33 |   113 |   230 ||   376
Dodge: Dodged            |    55 |    48 |   142 ||   245
Block: Buckler           |     6 |    25 |    97 ||   128
